[ PARTIDA AOE2 · #482664802 ]
1v1 RMMagiares vs Berbers
Equipo del jugador · VICT
Equipo rival · DERR
[ ANÁLISIS DE REPETICIÓN · EXTRAÍDO DE LA PARTIDA GRABADA ]
Feudal
9:59
Castillos
21:09
Imperial
40:47
| APM promedio | 31.4 |
| APM pico | 58 |
| eAPM promedio | 21.2 |
| Aldeanos / militares | 234 / 276 |
Foco
⚔️ 39.9% · 🌾 60.1%
Spearman ×92 · Skirmisher ×73 · Knight ×53 · Archer ×26 · Scout Cavalry ×20 · Trebuchet (Packed) ×12
Feudal
10:35
Castillos
22:32
Imperial
39:06
| APM promedio | 29.5 |
| APM pico | 70 |
| eAPM promedio | 15.0 |
| Aldeanos / militares | 140 / 150 |
Foco
⚔️ 27.9% · 🌾 72.1%
Camel Archer ×54 · Camel Scout ×26 · Knight ×23 · Scout Cavalry ×17 · Genitour ×10 · Scorpion ×9
Mapa de la partida
Recursos iniciales + cada clic de construcción. Líneas = muros · curvas = relieve. ◆ oro · ⬟ piedra · ● bayas · ✦ reliquia · ◌ hueco del cierre
Tu base· Abierta — hueco de 8t
Base de Aleon· Abierta — hueco de 5t
Terreno inicial suavizado · ◌ = hueco del cierre detectado · pasá el cursor para detalles
Inputs por minuto
— Roodey - - Aleon
Build order — Roodey
Primeras 150 de 730 acciones detectadas
| 0:02 | Crear | Villager (Male) |
| 0:02 | Crear | Villager (Male) |
| 0:03 | Crear | Villager (Male) |
| 0:03 | Crear | Villager (Male) |
| 0:05 | Construir | House |
| 0:07 | Construir | House |
| 1:45 | Crear | Villager (Male) |
| 1:48 | Construir | Lumber Camp |
| 1:59 | Crear | Villager (Male) |
| 2:28 | Crear | Villager (Male) |
| 2:28 | Crear | Villager (Male) |
| 2:55 | Crear | Villager (Male) |
| 2:55 | Crear | Villager (Male) |
| 3:30 | Construir | House |
| 3:32 | Construir | House |
| 3:34 | Crear | Villager (Male) |
| 4:17 | Crear | Villager (Male) |
| 4:17 | Crear | Villager (Male) |
| 5:06 | Construir | Mill |
| 5:19 | Crear | Villager (Male) |
| 5:27 | Crear | Villager (Male) |
| 5:27 | Crear | Villager (Male) |
| 6:03 | Crear | Villager (Male) |
| 6:03 | Crear | Villager (Male) |
| 6:03 | Investigar | Loom |
| 7:43 | Investigar | Feudal Age |
| 9:01 | Construir | Barracks |
| 9:20 | Construir | House |
| 9:59 | Edad | Edad Feudal |
| 10:04 | Construir | Stable |
| 10:10 | Investigar | Double-Bit Axe |
| 10:11 | Investigar | Horse Collar |
| 10:33 | Crear | Scout Cavalry |
| 10:33 | Crear | Scout Cavalry |
| 10:33 | Crear | Scout Cavalry |
| 10:33 | Crear | Scout Cavalry |
| 10:44 | Construir | Mill |
| 11:01 | Crear | Villager (Male) |
| 11:01 | Crear | Villager (Male) |
| 11:01 | Crear | Villager (Male) |
| 11:21 | Crear | Scout Cavalry |
| 11:22 | Crear | Villager (Male) |
| 11:43 | Construir | House |
| 12:17 | Crear | Scout Cavalry |
| 12:18 | Crear | Villager (Male) |
| 12:21 | Construir | Blacksmith |
| 12:23 | Construir | House |
| 12:26 | Construir | Palisade Gate |
| 12:29 | Construir | Palisade Wall |
| 12:31 | Crear | Villager (Male) |
| 12:31 | Crear | Villager (Male) |
| 12:34 | Construir | Farm |
| 12:34 | Construir | Farm |
| 12:34 | Construir | Farm |
| 12:35 | Construir | Farm |
| 13:18 | Crear | Villager (Male) |
| 13:31 | Crear | Villager (Male) |
| 14:03 | Construir | Farm |
| 14:03 | Construir | Farm |
| 14:03 | Construir | Farm |
| 14:12 | Construir | Market |
| 14:41 | Crear | Villager (Male) |
| 14:43 | Construir | Farm |
| 14:43 | Construir | Farm |
| 14:47 | Construir | Farm |
| 14:48 | Construir | Farm |
| 15:00 | Crear | Villager (Male) |
| 15:07 | Construir | Farm |
| 15:47 | Crear | Villager (Male) |
| 15:50 | Crear | Villager (Male) |
| 15:53 | Investigar | Wheelbarrow |
| 15:57 | Construir | Mining Camp |
| 16:06 | Construir | Palisade Wall |
| 16:08 | Construir | House |
| 16:37 | Construir | Stable |
| 16:38 | Construir | House |
| 17:02 | Construir | Palisade Wall |
| 17:09 | Construir | Palisade Wall |
| 17:13 | Construir | Palisade Wall |
| 17:29 | Construir | House |
| 17:30 | Construir | House |
| 17:42 | Crear | Villager (Male) |
| 18:25 | Construir | Farm |
| 18:29 | Investigar | Castle Age |
| 18:33 | Crear | Spearman |
| 18:51 | Crear | Villager (Male) |
| 18:52 | Crear | Spearman |
| 19:25 | Crear | Villager (Male) |
| 19:27 | Crear | Spearman |
| 19:36 | Construir | Archery Range |
| 19:42 | Crear | Villager (Male) |
| 19:45 | Investigar | Scale Barding Armor |
| 19:59 | Construir | Farm |
| 19:59 | Construir | Farm |
| 20:00 | Construir | Farm |
| 20:00 | Construir | Farm |
| 20:11 | Crear | Scout Cavalry |
| 20:29 | Investigar | Bloodlines |
| 20:41 | Crear | Skirmisher |
| 20:43 | Crear | Skirmisher |
| 20:44 | Crear | Skirmisher |
| 20:51 | Crear | Scout Cavalry |
| 20:52 | Crear | Skirmisher |
| 21:09 | Edad | Edad de los Castillos |
| 21:10 | Crear | Knight |
| 21:10 | Crear | Knight |
| 21:32 | Construir | Farm |
| 21:33 | Construir | Farm |
| 21:34 | Construir | Farm |
| 21:38 | Investigar | Bow Saw |
| 21:41 | Crear | Skirmisher |
| 21:41 | Crear | Skirmisher |
| 21:41 | Crear | Skirmisher |
| 21:47 | Crear | Knight |
| 21:48 | Crear | Skirmisher |
| 22:29 | Crear | Villager (Male) |
| 22:29 | Crear | Villager (Male) |
| 22:29 | Crear | Villager (Male) |
| 23:46 | Crear | Skirmisher |
| 23:47 | Crear | Skirmisher |
| 23:51 | Crear | Villager (Male) |
| 23:51 | Crear | Villager (Male) |
| 23:53 | Crear | Knight |
| 23:54 | Crear | Knight |
| 23:54 | Crear | Knight |
| 24:05 | Crear | Villager (Male) |
| 24:11 | Construir | Town Center |
| 24:40 | Construir | Town Center |
| 25:01 | Crear | Villager (Male) |
| 25:01 | Crear | Villager (Male) |
| 25:02 | Crear | Villager (Male) |
| 25:05 | Crear | Knight |
| 25:07 | Crear | Skirmisher |
| 25:07 | Crear | Skirmisher |
| 25:13 | Crear | Knight |
| 25:13 | Crear | Knight |
| 25:23 | Crear | Villager (Male) |
| 25:23 | Crear | Villager (Male) |
| 25:23 | Crear | Villager (Male) |
| 25:36 | Construir | Mining Camp |
| 26:01 | Crear | Villager (Male) |
| 26:01 | Crear | Villager (Male) |
| 26:02 | Crear | Villager (Male) |
| 26:02 | Crear | Villager (Male) |
| 26:44 | Crear | Villager (Male) |
| 26:44 | Crear | Villager (Male) |
| 26:56 | Crear | Villager (Male) |
| 26:56 | Crear | Villager (Male) |
| 27:07 | Investigar | Fletching |
| 27:27 | Investigar | Hand Cart |
Build order — Aleon
Primeras 150 de 395 acciones detectadas
| 0:01 | Crear | Villager (Male) |
| 0:01 | Crear | Villager (Male) |
| 0:02 | Crear | Villager (Male) |
| 0:02 | Crear | Villager (Male) |
| 0:02 | Crear | Villager (Male) |
| 0:03 | Construir | House |
| 0:05 | Construir | House |
| 1:25 | Crear | Villager (Male) |
| 1:57 | Crear | Villager (Male) |
| 2:11 | Construir | Lumber Camp |
| 2:47 | Crear | Villager (Male) |
| 2:47 | Crear | Villager (Male) |
| 3:02 | Crear | Villager (Male) |
| 3:31 | Construir | House |
| 3:34 | Construir | House |
| 3:36 | Construir | House |
| 3:45 | Crear | Villager (Male) |
| 4:00 | Crear | Villager (Male) |
| 4:00 | Crear | Villager (Male) |
| 4:25 | Construir | House |
| 5:14 | Crear | Villager (Male) |
| 5:15 | Crear | Villager (Male) |
| 5:17 | Crear | Villager (Male) |
| 5:19 | Crear | Villager (Male) |
| 6:15 | Construir | Mill |
| 6:45 | Crear | Villager (Male) |
| 6:45 | Crear | Villager (Male) |
| 6:45 | Crear | Villager (Male) |
| 6:46 | Crear | Villager (Male) |
| 6:51 | Construir | House |
| 6:53 | Construir | House |
| 7:16 | Construir | Mill |
| 8:23 | Investigar | Feudal Age |
| 8:24 | Investigar | Loom |
| 8:31 | Construir | House |
| 8:34 | Construir | House |
| 8:39 | Construir | House |
| 9:16 | Construir | House |
| 9:18 | Construir | House |
| 9:22 | Construir | House |
| 9:29 | Crear | Villager (Male) |
| 9:29 | Crear | Villager (Male) |
| 9:29 | Crear | Villager (Male) |
| 10:12 | Construir | Palisade Wall |
| 10:35 | Edad | Edad Feudal |
| 10:37 | Construir | Mining Camp |
| 10:43 | Construir | Lumber Camp |
| 10:55 | Investigar | Double-Bit Axe |
| 11:28 | Construir | House |
| 11:52 | Crear | Villager (Male) |
| 11:52 | Crear | Villager (Male) |
| 11:52 | Crear | Villager (Male) |
| 12:21 | Construir | Barracks |
| 12:25 | Construir | House |
| 12:30 | Construir | Palisade Wall |
| 12:32 | Construir | House |
| 12:39 | Crear | Villager (Male) |
| 12:39 | Crear | Villager (Male) |
| 13:18 | Construir | House |
| 13:34 | Crear | Spearman |
| 13:34 | Crear | Spearman |
| 13:44 | Crear | Spearman |
| 13:44 | Crear | Spearman |
| 14:04 | Construir | Farm |
| 14:04 | Construir | Farm |
| 14:04 | Construir | Farm |
| 14:49 | Crear | Villager (Male) |
| 14:50 | Crear | Villager (Male) |
| 14:50 | Crear | Villager (Male) |
| 14:50 | Crear | Villager (Male) |
| 14:50 | Crear | Villager (Male) |
| 14:58 | Investigar | Horse Collar |
| 15:26 | Construir | House |
| 15:29 | Construir | House |
| 16:10 | Construir | Farm |
| 16:10 | Construir | Farm |
| 16:10 | Construir | Farm |
| 16:10 | Construir | Farm |
| 16:11 | Construir | Farm |
| 16:36 | Construir | Farm |
| 16:45 | Construir | Blacksmith |
| 16:47 | Construir | House |
| 16:49 | Construir | House |
| 16:57 | Construir | Palisade Wall |
| 17:04 | Crear | Villager (Male) |
| 17:04 | Crear | Villager (Male) |
| 17:04 | Crear | Villager (Male) |
| 17:27 | Construir | Stable |
| 17:29 | Crear | Villager (Male) |
| 17:29 | Crear | Villager (Male) |
| 17:40 | Construir | Farm |
| 17:40 | Construir | Farm |
| 17:40 | Construir | Farm |
| 17:50 | Construir | Farm |
| 17:50 | Construir | Farm |
| 17:51 | Construir | Farm |
| 18:05 | Construir | Farm |
| 18:43 | Construir | Farm |
| 18:44 | Construir | Farm |
| 18:44 | Construir | Farm |
| 18:47 | Crear | Villager (Male) |
| 19:52 | Investigar | Castle Age |
| 20:22 | Construir | Stable |
| 20:36 | Construir | Palisade Wall |
| 20:44 | Investigar | Wheelbarrow |
| 20:44 | Crear | Villager (Male) |
| 20:45 | Crear | Villager (Male) |
| 20:45 | Crear | Villager (Male) |
| 21:25 | Construir | Archery Range |
| 21:32 | Investigar | Bloodlines |
| 21:43 | Crear | Villager (Male) |
| 21:48 | Construir | Farm |
| 21:55 | Investigar | Fletching |
| 21:55 | Investigar | Scale Barding Armor |
| 22:16 | Construir | Farm |
| 22:16 | Construir | Farm |
| 22:16 | Construir | Farm |
| 22:17 | Construir | Farm |
| 22:17 | Construir | Farm |
| 22:32 | Edad | Edad de los Castillos |
| 22:37 | Investigar | Husbandry |
| 22:38 | Crear | Knight ×2 |
| 22:56 | Construir | Town Center |
| 23:03 | Crear | Knight |
| 23:11 | Construir | House |
| 23:27 | Construir | House |
| 23:58 | Investigar | Bow Saw |
| 24:54 | Crear | Villager (Male) |
| 24:54 | Crear | Villager (Male) |
| 25:05 | Crear | Villager (Male) |
| 25:05 | Crear | Villager (Male) |
| 25:06 | Crear | Villager (Male) |
| 25:06 | Crear | Villager (Male) |
| 25:07 | Crear | Villager (Male) |
| 25:07 | Crear | Villager (Male) |
| 25:37 | Crear | Camel Scout |
| 25:46 | Construir | Farm |
| 26:01 | Construir | Mining Camp |
| 26:14 | Crear | Camel Scout |
| 26:25 | Construir | Farm |
| 26:25 | Construir | Farm |
| 26:26 | Construir | Farm |
| 26:41 | Construir | Palisade Wall |
| 27:04 | Crear | Villager (Male) |
| 27:05 | Crear | Villager (Male) |
| 27:05 | Crear | Villager (Male) |
| 27:07 | Crear | Villager (Male) |
| 27:07 | Crear | Villager (Male) |
| 27:08 | Crear | Villager (Male) |
| 27:08 | Crear | Villager (Male) |
Cronología de la partida
| 9:01 | Roodey · first_building Barracks |
| 9:59 | Roodey · age_up feudal |
| 10:04 | Roodey · first_building Stable |
| 10:12 | Aleon · wall_segment Palisade Wall x2 |
| 10:35 | Aleon · age_up feudal |
| 12:21 | Aleon · first_building Barracks |
| 12:29 | Roodey · wall_segment Palisade Wall x6 |
| 12:30 | Aleon · wall_segment Palisade Wall x1 |
| 16:06 | Roodey · wall_segment Palisade Wall x1 |
| 16:57 | Aleon · wall_segment Palisade Wall x7 |
| 17:02 | Roodey · wall_segment Palisade Wall x14 |
| 17:09 | Roodey · wall_segment Palisade Wall x10 |
| 17:13 | Roodey · wall_segment Palisade Wall x4 |
| 17:27 | Aleon · first_building Stable |
| 18:13 | Roodey · first_market_sell 100 wood |
| 18:15 | Roodey · first_market_buy 100 food |
| 19:36 | Roodey · first_building Archery Range |
| 20:36 | Aleon · wall_segment Palisade Wall x5 |
| 21:09 | Roodey · age_up castle |
| 21:25 | Aleon · first_building Archery Range |
| 22:32 | Aleon · age_up castle |
| 26:41 | Aleon · wall_segment Palisade Wall x1 |
| 28:27 | Aleon · wall_segment Palisade Wall x5 |
| 28:39 | Roodey · wall_segment Palisade Wall x5 |
| 31:51 | Aleon · first_building Castle |
| 32:07 | Roodey · wall_segment Stone Wall x10 |
| 32:15 | Roodey · wall_segment Stone Wall x14 |
| 32:21 | Roodey · wall_segment Stone Wall x13 |
| 32:30 | Roodey · first_building Castle |
| 39:06 | Aleon · age_up imperial |
| 40:44 | Aleon · first_market_buy 100 wood |
| 40:47 | Roodey · age_up imperial |
| 45:46 | Aleon · first_building Siege Workshop |
| 48:08 | Aleon · first_building Monastery |
| 66:59 | Aleon · resign |
[ ANÁLISIS IA · 1 CRÉDITO ]
¿Qué pasó realmente en esta partida?
Wolo.gg analiza cada decisión: build order, eco, micro, errores típicos por bracket. Análisis personalizado por WhatsApp o Discord en 30 segundos.
Guía civ
Magiares
Guía mapa
Arabia
Perfil
Jugador #3046147